 Dungeon Crawl Stone Soup version 0.24.0-2-g5b39cebb1c (webtiles) character file.

Game seed: 7703430727555303995, levelgen mode: deterministic

171924 inmateoo the Stickfighter (level 18, -5/85 HPs)
             Began as a Vine Stalker Skald on Oct 30, 2019.
             Was the Champion of Hepliaklqana.
             Slain by a tarantella (10 damage)
             ... on level 4 of the Spider Nest.
             The game lasted 00:52:08 (25081 turns).

inmateoo the Stickfighter (Vine Stalker Skald)     Turns: 25081, Time: 00:52:09

Health: -5/85      AC: 26    Str: 22    XL:     18   Next: 2%
Magic:  0/29       EV:  8    Int: 13    God:    Hepliaklqana [******]
Gold:   1438       SH: 15    Dex: 14    Spells: 18/29 levels left

rFire    + + +     SeeInvis .   z - +3 Elemental Staff {rElec rF++ rC++ MR++ AC+5}
rCold    + + +     Gourm    .   K - +3 warlock's mirror {reflect}
rNeg     + . .     Faith    .   N - +0 plate armour {rC+}
rPois    +         Spirit   +   t - +2 hat of the Bear Spirit {Spirit, +Rage rN+ MR++}
rElec    +         Reflect  +   y - scarf {rC+ rF+}
rCorr    +         Harm     .   G - +2 pair of gloves
MR       +++++                  T - +4 pair of boots "Biag" {rElec}
Stlth    ..........             w - brooch of Shielding {Reflect SH+8}
HPRegen  1.04/turn              a - ring of resist corrosion
MPRegen  0.21/turn              F - ring of poison resistance

@: lightly drained
A: reduced essence, fangs 3, regeneration 2, magic shield, antimagic bite, no
potion heal 3, rot immunity
a: Recall Ancestor, Ancestor Identity, Transference, Idealise, Renounce
Religion, Evoke Berserk Rage


You were on level 4 of the Spider Nest.
You worshipped Hepliaklqana.
Hepliaklqana was exalted by your worship.
You were full.

You visited 5 branches of the dungeon, and saw 28 of its levels.
You also visited: Ice Cave.

You collected 3858 gold pieces.
You spent 2420 gold pieces at shops.

Inventory:

Hand Weapons
 z - the +3 Elemental Staff (weapon) {rElec rF++ rC++ MR++ AC+5}
   (You took it off an orc wizard on level 11 of the Dungeon)

   It affects your AC (+5).
   It greatly protects you from fire.
   It greatly protects you from cold.
   It insulates you from electricity.
   It affects your resistance to hostile enchantments.
Missiles
 e - 15 javelins (quivered)
 i - 5 throwing nets
 l - 29 poisoned darts
 s - 4 boomerangs of dispersal
 I - 4 boomerangs
Armour
 t - the +2 hat of the Bear Spirit (worn) {Spirit, +Rage rN+ MR++}
   (You found it on level 14 of the Dungeon)

   It protects you from negative energy.
   It affects your resistance to hostile enchantments.
   It lets you go berserk.
 y - a scarf of resistance (worn)
 G - a +2 pair of gloves (worn)
 K - the +3 warlock's mirror (worn) {reflect}
   (You found it on level 11 of the Dungeon)
 N - a +0 plate armour of cold resistance (worn)
 T - the +4 pair of boots "Biag" (worn) {rElec}
   (You found it on level 2 of the Lair of Beasts)

   It insulates you from electricity.
Jewellery
 a - a ring of resist corrosion (left hand)
 w - the brooch of Shielding (around neck) {Reflect SH+8}
   (You bought it in a shop on level 2 of the Orcish Mines)

   [amulet of reflection]

   It shields you and reflects attacks.
   It affects your SH (+8).
 F - a ring of poison resistance (right hand)
 R - an uncursed ring of protection from cold
 W - an uncursed ring of positive energy
Wands
 x - a wand of paralysis (4)
 A - a wand of flame (17)
 D - a wand of random effects (29)
 J - a wand of polymorph (9)
 M - a wand of iceblast (10)
 O - a wand of acid (15)
 P - a wand of digging (4)
 S - a wand of disintegration (7)
Scrolls
 g - a scroll of enchant weapon
 k - 14 scrolls of remove curse
 m - a scroll of amnesia
 p - 3 scrolls of fog
 q - 15 scrolls of teleportation
 r - 2 scrolls of enchant armour
 u - 6 scrolls of identify
 B - 7 scrolls of magic mapping
 Q - a scroll of holy word
Potions
 b - 5 potions of brilliance
 d - 12 potions of curing
 f - 4 potions of magic
 h - 5 potions of cancellation
 j - 3 potions of might
 n - 2 potions of lignification
 o - 7 potions of flight
 C - a potion of agility
 E - 4 potions of haste
 H - 2 potions of resistance
 L - a potion of ambrosia
 U - a potion of berserk rage
Miscellaneous
 v - a box of beasts
Comestibles
 c - 53 rations


   Skills:
 + Level 10.3(10.1) Fighting
 * Level 16.5(16.3) Staves
 - Level 5.0(4.8) Throwing
 - Level 2.5(2.3) Armour
 - Level 5.2(5.0) Dodging
 - Level 6.0(5.8) Stealth
 - Level 1.4(1.3) Shields
 - Level 11.4(11.2) Unarmed Combat
 - Level 6.0(5.8) Spellcasting
 - Level 7.0(6.8) Charms
 - Level 8.0(7.7) Invocations
 + Level 13.5(13.3) Evocations


You had 18 spell levels left.
You knew the following spells:

 Your Spells              Type           Power        Failure   Level  Hunger
a - Infusion              Chrm           ###.         34%         1    None
b - Song of Slaying       Chrm           ###.....     47%         2    ##.....
c - Shroud of Golubria    Chrm/Tloc      ##....       91%         2    ##.....
d - Regeneration          Chrm/Necr      ##........   99%         3    ###....
e - Spectral Weapon       Hex/Chrm       ##......     99%         3    ###....

Your spell library contained the following spells:

 Spells                   Type           Power        Failure   Level  Hunger
 Flame Tongue             Conj/Fire      #....        99%         1    None
 Magic Dart               Conj           #...         99%         1    None
 Sting                    Conj/Pois      #...         99%         1    None
 Summon Butterflies       Summ           #.......     99%         1    None
 Poisonous Vapours        Pois/Air       #.....       100%        2    ##.....
 Searing Ray              Conj           #.....       100%        2    ##.....
 Throw Flame              Conj/Fire      #.....       100%        2    ##.....
 Call Canine Familiar     Summ           #.......     100%        3    ###....
 Conjure Flame            Conj/Fire      #.......     100%        3    ###....
 Dazzling Spray           Conj/Hex       #.....       100%        3    ###....
 Inner Flame              Hex/Fire       #.......     100%        3    ###....
 Mephitic Cloud           Conj/Pois/Air  #.......     100%        3    ###....
 Recall                   Summ/Tloc      N/A          100%        3    ###....
 Cause Fear               Hex            #.........   100%        4    ####...
 Force Lance              Conj/Tloc      #.......     100%        4    ####...
 Fulminant Prism          Conj/Hex       #.........   100%        4    ####...
 Iskenderun's Mystic Bla  Conj           #.......     100%        4    ####...
 Olgreb's Toxic Radiance  Pois           #.......     100%        4    ####...
 Sticky Flame             Conj/Fire      #.......     100%        4    ####...
 Summon Ice Beast         Ice/Summ       #.......     100%        4    ####...
 Aura of Abjuration       Summ           #.........   100%        5    ######.
 Fireball                 Conj/Fire      #.........   100%        5    ######.
 Silence                  Hex/Air        #.........   100%        5    ######.
 Summon Demon             Summ           #.........   100%        5    ######.
 Summon Forest            Summ/Tloc      #.........   100%        5    ######.
 Summon Mana Viper        Hex/Summ       #.......     100%        5    ######.
 Venom Bolt               Conj/Pois      #.........   100%        5    ######.
 Yara's Violent Unravell  Hex/Tmut       #.........   100%        5    ######.
 Deflect Missiles         Chrm/Air       ##........   100%        6    #######
 Shadow Creatures         Summ           N/A          100%        6    #######
 Summon Hydra             Summ           #.........   100%        7    #######
 Discord                  Hex            #.........   100%        8    #######


Dungeon Overview and Level Annotations

Branches:
Dungeon (15/15)            Temple (1/1) D:4            Lair (6/6) D:10
 Shoals (0/4) Lair:3       Spider (4/4) Lair:2        Slime (0/5) Lair:5
    Orc (2/2) D:10            Elf (0/3) Orc:2        Vaults (0/5) D:13
 Depths (0/5) D:15          IceCv (visited)

Altars:
Ashenzari
Cheibriados
Dithmenos
Elyvilon
Fedhas
Gozag
Hepliaklqana
Makhleb
Nemelex Xobeh
Okawaru
Ru
Sif Muna
Trog
Uskayaw
Vehumet
Wu Jian
Xom
Yredelemnul
Zin
The Shining One

Shops:
D:5 !   D:9 [   D:10 ([(   D:13 ?   Orc:2 =[*[

Annotations:
D:12 exclusion: door
D:15 1 runed translucent door, Vuirau's ghost, journeyman DsGl


Innate Abilities, Weirdness & Mutations

You have razor-sharp teeth.
You heal very quickly.
When hurt, damage is shared between your health and your magic reserves.
Your bite disrupts and absorbs the magic of your enemies.
Potions cannot restore your health.
You are immune to rotting.
Your life essence is reduced to manifest your ancestor. (-10% HP)


Message History

* * * LOW HITPOINT WARNING * * *
Unknown command.
Unknown command.
Unknown command.
Your system rejects the healing.
You feel better. The spectral redback bites you!
* * * LOW HITPOINT WARNING * * *
You block the tarantella's attack.
The spectral wolf spider closely misses you.
The spectral wolf spider bites you but does no damage.
The spectral redback bites you but does no damage.
Okay, then.
Okay, then.
You swap places.
The spectral wolf spider hits Eideard but does no damage.
The spectral wolf spider bites Eideard!
Eideard hits the spectral wolf spider with a +0 quarterstaff!
The spectral redback barely misses Eideard.
The tarantella bites you!
You die...

####### #.^...#
###################.8.8.#
≈.^...^.s@....#≈≈≈#.....#
≈≈≈..#ZR..≈≈≈≈≈≈≈#^....#
≈≈≈≈≈≈≈Z..≈≈≈≈≈...#.8.8.#
...≈≈≈≈≈≈≈≈≈#...#.#.....#
..#.≈≈≈≈#≈..^^(..(#.....#
###########.....#.8.8.#
#....##....^##
#.....#.......
#†...^#^8.8...


You could see the friendly Eideard the battlemage (confused), a spectral wolf
spider, a spectral redback and a tarantella.

Vanquished Creatures
  Rupert (D:15)
  Kirke (Spider:1)
  Donald (Orc:2)
  2 emperor scorpions (Spider:4)
  Aizul (Spider:2)
  An entropy weaver (Spider:2)
  3 spark wasps (Spider:4)
  Azrael (Spider:1)
  Snorg (Lair:4)
  2 ice dragons (IceCv)
  7 vault guards (D:13)
  6 hydras
  An ogre mage (D:15)
  2 death knights (D:14)
  4 two-headed ogres
  3 centaur warriors
  3 catoblepae
  A deep troll shaman (Lair:6)
  3 death yaks (Lair:6)
  2 deep troll earth magi (D:13)
  A dancing weapon (Orc:2)
  4 orc high priests (Orc:2)
  2 skeletal warriors (D:14)
  2 unseen horrors
  6 wizards (D:11)
  A glowing orange brain (D:13)
  7 orb spiders
  Pikel (D:9)
  4 orc knights (Orc:2)
  15 wolf spiders
  3 cyclopes
  2 ugly things (D:14)
  4 moths of wrath
  6 elephants (Lair:6)
  A black mamba (Lair:5)
  2 ice statues (IceCv)
  2 gargoyles
  6 rime drakes
  11 spiny frogs
  A spectral redback (Spider:3)
  2 freezing wraiths
  An efreet (D:14)
  A redback zombie (D:12)
  2 yaktaurs (D:14)
  9 demonic crawlers
  An ice devil (Lair:1)
  8 komodo dragons
  4 polar bears
  14 jumping spiders
  5 trolls
  2 merfolk
  A queen bee (Lair:3)
  2 hornets
  A spectral tarantella (Spider:4)
  2 dream sheep (Lair:6)
  Prince Ribbit (D:9)
  A spectral jumping spider (Spider:4)
  3 hippogriffs
  A meliai zombie (D:13)
  15 blink frogs
  A centaur simulacrum (D:14)
  37 redbacks
  A wraith (D:14)
  4 wyverns
  A water elemental (D:15)
  26 yaks
  A vampire (D:13)
  3 hogs (Spider:1)
  17 tarantellas
  2 hungry ghosts
  Grum (D:9)
  4 basilisks
  3 fire elementals (Spider:1)
  2 wargs
  A hell hound (Spider:1)
  11 water moccasins
  13 porcupines
  27 orc warriors
  A slave (D:9)
  3 black bears
  A hornet zombie (D:12)
  15 ice beasts
  2 necrophages
  11 ogres
  11 wolves
  2 phantoms
  8 centaurs
  A big kobold (D:14)
  Blork the orc (D:4)
  11 crocodiles
  A battlemage (Lair:3)
  12 bullfrogs
  A gnoll sergeant (D:12)
  A water moccasin zombie (D:6)
  4 scorpions
  26 killer bees
  2 electric eels
  6 wights
  4 howler monkeys
  4 crimson imps
  7 centaur zombies
  2 bullfrog zombies
  6 hounds
  26 orc priests
  A gnoll shaman (D:8)
  2 bullfrog skeletons
  6 centaur skeletons
  2 iguanas
  18 orc wizards
  8 worker ants
  A hound zombie (D:10)
  A worker ant zombie (D:7)
  11 gnolls
  A howler monkey skeleton (D:9)
  6 adders
  2 shadow imps
  3 white imps (Lair:6)
  3 oozes
  A worm (D:3)
  A dart slug (D:1)
  8 leopard geckos
  60 orcs
  A ball python (D:3)
  7 bats
  3 giant cockroaches
  9 goblins
  6 hobgoblins
  16 jackals
  4 quokkas
  5 frilled lizards
  12 kobolds
  A quokka skeleton (D:5)
  A quokka zombie (D:10)
  9 rats
  2 bushes (Lair:3)
  A fungus (Lair:6)
739 creatures vanquished.

Vanquished Creatures (collateral kills)
  Arachne (Spider:2)
  A fire giant (D:15)
  An emperor scorpion (Spider:3)
  2 ghost moths
  Nessos (D:12)
  An entropy weaver (Spider:3)
  Harold (Orc:1)
  A vault guard (D:13)
  2 hydras
  A catoblepas (D:15)
  4 two-headed ogres
  The ghost of jacquesderrida the Fighter, a journeyman GrGl of Hepliaklqana (Orc:2)
  An orc high priest (Orc:2)
  2 wizards (D:11)
  5 unseen horrors
  A phantasmal warrior (D:14)
  3 orc knights
  2 wolf spider zombies (D:12)
  6 wolf spiders
  5 orb spiders
  An oklob plant (Lair:3)
  An ugly thing (D:14)
  2 elephants (Lair:6)
  2 centaur zombies (D:12)
  An ice statue (Lair:6)
  2 gargoyles
  2 spiny frogs
  7 centaur skeletons
  2 komodo dragons
  A rime drake (Lair:4)
  5 demonic crawlers
  A tengu conjurer (D:13)
  2 efreet (D:13)
  A yaktaur (D:14)
  An ice devil (Lair:1)
  A harpy zombie (D:12)
  9 jumping spiders
  2 merfolk (Lair:3)
  A freezing wraith (Lair:6)
  A polar bear (Lair:5)
  9 blink frogs
  4 hippogriffs
  2 dream sheep (Lair:6)
  2 shadows
  A meliai zombie (D:14)
  12 yaks
  2 wyverns
  A water elemental (D:15)
  9 tarantellas
  9 redbacks
  2 wraiths
  4 fire elementals (Spider:1)
  A hog (Spider:1)
  An acid dragon (D:12)
  3 water moccasins
  2 porcupines (Lair:1)
  A black bear (D:10)
  10 ice beasts
  14 orc warriors
  A hornet zombie (D:12)
  2 sky beasts
  6 ogres
  2 centaurs
  2 necrophages
  5 wolves
  3 crocodiles
  A big kobold (D:11)
  3 bullfrogs
  A wyvern zombie (D:11)
  3 scorpions
  13 killer bees
  5 wights
  A howler monkey (D:14)
  A crimson imp (D:14)
  A hound (D:6)
  A gnoll shaman (D:7)
  2 jellies
  5 orc wizards
  6 orc priests
  2 iguanas (D:8)
  3 worker ants
  A hound zombie (D:7)
  2 worker ant zombies
  8 gnolls
  2 adders
  4 shadow imps
  2 white imps (Lair:6)
  An adder skeleton (D:8)
  38 orcs
  2 jackals (D:6)
  A quokka (D:6)
306 creatures vanquished.

Vanquished Creatures (others)
  A cyclops (Orc:2)
  A jumping spider (Spider:3)
  A jelly (D:13)
  An ancestor (D:5)
  31 battlemagi
  3 fungi (D:10)
  A plant (D:15)
39 creatures vanquished.

Grand Total: 1084 creatures vanquished

Notes
Turn   | Place    | Note
-------+----------+-------------------------------------------
     0 | D:1      | inmateoo the Vine Stalker Skald began the quest for the
                  | Orb.
     0 | D:1      | Reached XP level 1. HP: 11/11 MP: 4/4
   195 | D:1      | Reached XP level 2. HP: 12/15 MP: 6/6
   425 | D:1      | Reached skill level 1 in Armour
   475 | D:1      | Reached XP level 3. HP: 13/18 MP: 5/7
   487 | D:1      | Learned a level 2 spell: Song of Slaying
   490 | D:1      | Learned a level 2 spell: Shroud of Golubria
  1293 | D:2      | Found a glowing silver altar of Zin.
  1296 | D:2      | Gained mutation: Your natural rate of healing is unusually
                  | fast. [Vine Stalker growth]
  1296 | D:2      | Reached XP level 4. HP: 20/23 MP: 6/8
  1622 | D:2      | Found a sacrificial altar of Ru.
  1628 | D:2      | Became a worshipper of Ru the Awakened
  2263 | D:3      | Reached XP level 5. HP: 26/26 MP: 9/9
  2503 | D:3      | Reached XP level 6. HP: 29/31 MP: 11/11
  2671 | D:3      | Found a shimmering blue altar of Sif Muna.
  2888 | D:4      | Reached skill level 1 in Throwing
  2911 | D:4      | Found a staircase to the Ecumenical Temple.
  2917 | D:4      | Noticed Blork the orc
  2923 | Temple   | Entered the Ecumenical Temple
  2940 | Temple   | Fell from the grace of Ru
  2961 | Temple   | Became a worshipper of Hepliaklqana the Forgotten
  3002 | D:4      | Killed Blork the orc
  3002 | D:4      | Reached XP level 7. HP: 25/31 MP: 12/12
  3260 | D:4      | Found a basalt altar of Yredelemnul.
  3327 | D:5      | Entered Level 5 of the Dungeon
  3468 | D:4      | Found a snail-covered altar of Cheibriados.
  3550 | D:5      | Found Perarch's Distillery.
  3560 | D:5      | Bought a potion of berserk rage for 70 gold pieces
  3560 | D:5      | Bought a potion of degeneration for 14 gold pieces
  3635 | D:5      | Reached * piety under Hepliaklqana
  3877 | D:5      | Gained mutation: You have razor-sharp teeth. [Vine Stalker
                  | growth]
  3877 | D:5      | Reached XP level 8. HP: 20/36 MP: 6/13
  3956 | D:5      | Reached skill level 5 in Unarmed Combat
  4714 | D:6      | Reached ** piety under Hepliaklqana
  4728 | D:6      | Remembered your ancestor Eideard as a battlemage
  4750 | D:6      | Found an iron altar of Okawaru.
  4750 | D:6      | Found a bloodstained altar of Trog.
  5121 | D:7      | Reached skill level 5 in Dodging
  5253 | D:7      | Reached XP level 9. HP: 29/40 MP: 11/14
  5340 | D:7      | Found a radiant altar of Vehumet.
  5678 | D:7      | Reached skill level 5 in Fighting
  6068 | D:8      | Reached skill level 5 in Throwing
  6122 | D:8      | Reached XP level 10. HP: 44/45 MP: 13/15
  6209 | D:8      | Reached skill level 1 in Invocations
  6302 | D:8      | Reached *** piety under Hepliaklqana
  6481 | D:8      | Found a shimmering altar of Xom.
  6687 | D:8      | Found a shimmering altar of Xom.
  6857 | D:9      | Noticed a two-headed ogre
  6981 | D:9      | Found Danozoq's Antique Armour Shoppe.
  6990 | D:9      | Bought a translucent scale mail for 261 gold pieces
  6990 | D:9      | Bought a pair of runed gloves for 217 gold pieces
  7004 | D:9      | Identified the +0 scale mail of Muttered Phrases {-Cast
                  | rElec Stlth+} (You bought it in a shop on level 9 of the
                  | Dungeon)
  7066 | D:9      | Killed a two-headed ogre
  7066 | D:9      | Reached skill level 5 in Charms
  7104 | D:9      | Noticed Grum
  7106 | D:9      | Noticed Prince Ribbit
  7133 | D:9      | Killed Grum
  7133 | D:9      | Reached skill level 1 in Stealth
  7162 | D:9      | Killed Prince Ribbit
  7635 | D:9      | Noticed Pikel
  7644 | D:9      | Killed Pikel
  7644 | D:9      | Reached skill level 10 in Unarmed Combat
  7644 | D:9      | Reached XP level 11. HP: 49/52 MP: 16/19
  7747 | D:10     | Entered Level 10 of the Dungeon
  7748 | D:10     | Found Ysoxih's Antique Weapon Shop.
  7780 | D:10     | Reached skill level 5 in Spellcasting
  7822 | D:10     | Learned a level 3 spell: Regeneration
  7826 | D:10     | Learned a level 3 spell: Spectral Weapon
  7838 | D:10     | Found a staircase to the Lair.
  7990 | D:10     | Noticed a centaur warrior
  7994 | D:10     | Noticed a death knight
  7995 | D:10     | Noticed a war gargoyle
  8136 | D:10     | Killed an unseen horror
  8180 | D:10     | Reached **** piety under Hepliaklqana
  8218 | D:10     | Found Daser's Weapon Shop.
  8219 | D:10     | Found a staircase to the Orcish Mines.
  8219 | D:10     | Found Bywaucw's Armour Shop.
  8900 | D:11     | Noticed a wizard
  8900 | D:11     | Paralysed by a wizard for 7 turns
  8906 | D:11     | Noticed a five-headed hydra
  8907 | D:11     | Noticed a wizard
  8969 | D:11     | Killed a five-headed hydra
  8975 | D:11     | Killed a wizard
  8975 | D:11     | Reached skill level 5 in Stealth
  8996 | D:11     | Reached skill level 5 in Invocations
  9087 | D:11     | Found the +3 warlock's mirror {reflect}
  9089 | D:11     | Noticed a wizard
  9099 | D:11     | Killed a wizard
  9099 | D:11     | Gained mutation: You heal very quickly. [Vine Stalker
                  | growth]
  9099 | D:11     | Reached XP level 12. HP: 45/56 MP: 22/22
  9171 | D:11     | Reached skill level 1 in Shields
  9489 | D:11     | Reached skill level 2 in Staves
  9798 | D:11     | Reached skill level 3 in Staves
  9798 | D:11     | Reached skill level 1 in Evocations
 10023 | D:12     | Reached ***** piety under Hepliaklqana
 10089 | D:12     | Noticed Nessos
 10097 | D:12     | Killed Nessos
 10097 | D:12     | Reached skill level 4 in Staves
 10331 | D:12     | Reached skill level 5 in Staves
 10387 | D:12     | Reached skill level 6 in Staves
 10387 | D:12     | Reached XP level 13. HP: 60/60 MP: 23/23
 10556 | D:12     | Reached skill level 7 in Staves
 10561 | D:12     | Noticed a bone dragon
 10562 | D:12     | Found the +9 sword of Zonguldrok {reap}
 11020 | D:13     | Reached skill level 5 in Evocations
 11150 | D:13     | Found Yleupta's Magic Scroll Boutique.
 11176 | D:13     | Bought a scroll of identify for 28 gold pieces
 11176 | D:13     | Bought a scroll of identify for 28 gold pieces
 11176 | D:13     | Bought a scroll of identify for 28 gold pieces
 11176 | D:13     | Bought a scroll of summoning for 133 gold pieces
 11215 | D:13     | Reached skill level 8 in Staves
 11383 | D:13     | You fall into a shaft and drop 2 floors!
 11383 | D:15     | Entered Level 15 of the Dungeon
 11403 | D:15     | Found a runed translucent door.
 11403 | D:15     | Noticed Vuirau's ghost (journeyman DsGl)
 11642 | D:15     | Reached skill level 9 in Staves
 11844 | D:14     | Found a sparkling altar of Nemelex Xobeh.
 12496 | D:15     | Found a staircase to the Depths.
 12496 | D:15     | Noticed a fire giant
 12529 | D:15     | Killed a fire giant
 12547 | D:15     | Noticed Rupert
 12571 | D:15     | Killed Rupert
 12571 | D:15     | Reached skill level 10 in Staves
 12571 | D:15     | Reached XP level 14. HP: 62/64 MP: 24/24
 12905 | D:14     | Reached skill level 11 in Staves
 13142 | D:14     | Found the +2 hat of the Bear Spirit {Spirit, +Rage rN+
                  | MR++}
 13246 | D:14     | Got an ichor-stained scale mail
 13257 | D:14     | Identified the cursed +0 scale mail "Nasug" {Str+3} (You
                  | found it on level 14 of the Dungeon)
 13743 | D:13     | Reached skill level 12 in Staves
 13768 | D:13     | Found a gate to the Vaults.
 13870 | D:13     | Found a glowing silver altar of Zin.
 13870 | D:13     | Found a sparkling altar of Nemelex Xobeh.
 13891 | D:13     | Reached XP level 15. HP: 60/68 MP: 21/25
 14184 | Lair:1   | Entered Level 1 of the Lair of Beasts
 14251 | Lair:1   | Reached ****** piety under Hepliaklqana
 14352 | Lair:1   | Reached skill level 13 in Staves
 14495 | Lair:1   | Found a frozen archway.
 14519 | IceCv    | Entered an ice cave
 15069 | Lair:1   | Found a hide-covered altar of Uskayaw.
 15291 | Lair:2   | Found a hole to the Spider Nest.
 15446 | Lair:2   | Identified the +4 pair of boots "Biag" {rElec} (You found
                  | it on level 2 of the Lair of Beasts)
 16197 | Lair:3   | Reached skill level 10 in Evocations
 16838 | Lair:3   | Found a staircase to the Shoals.
 17021 | Lair:4   | Noticed Snorg
 17039 | Lair:4   | Killed Snorg
 17464 | Lair:4   | Reached skill level 14 in Staves
 17706 | Lair:5   | Found a staircase to the Slime Pits.
 18591 | Lair:6   | Entered Level 6 of the Lair of Beasts
 18624 | Lair:6   | Reached XP level 16. HP: 72/72 MP: 26/26
 19153 | Lair:6   | Got a glittering graven amulet
 19173 | Lair:6   | Identified the amulet of Moodiness {Inacc rPois rC+ Int+2
                  | Dex+2} (You found it on level 6 of the Lair of Beasts)
 19393 | Lair:6   | Reached skill level 15 in Staves
 19802 | Orc:1    | Entered Level 1 of the Orcish Mines
 19802 | Orc:1    | Noticed Harold
 19821 | Orc:1    | Killed Harold
 20068 | Orc:2    | Entered Level 2 of the Orcish Mines
 20068 | Orc:2    | Found a staircase to the Elven Halls.
 20946 | Orc:2    | Found Nyifedgh's Armour Emporium.
 20949 | Orc:2    | Found Tiutuots's Jewellery Emporium.
 20950 | Orc:2    | Found Eqoiz's Assorted Antiques.
 20951 | Orc:2    | Found Tiuxoet's Antique Armour Shoppe.
 20961 | Orc:2    | Bought the brooch of Shielding {Reflect SH+8} for 1381 gold
                  | pieces
 20961 | Orc:2    | Found the brooch of Shielding {Reflect SH+8}
 20961 | Orc:2    | Bought an uncursed ring of poison resistance for 260 gold
                  | pieces
 21067 | Orc:2    | Found a runed translucent door.
 21067 | Orc:2    | Found a shimmering altar of Xom.
 21067 | Orc:2    | Noticed jacquesderrida's ghost (journeyman GrGl)
 21117 | Orc:2    | Noticed Donald
 21130 | Orc:2    | Killed Donald
 21308 | Orc:2    | Killed jacquesderrida's ghost
 21670 | Spider:1 | Entered Level 1 of the Spider Nest
 21932 | Spider:1 | You fall into a shaft and drop 1 floor!
 22231 | Spider:2 | Reached XP level 17. HP: 71/77 MP: 24/27
 22398 | Spider:1 | Noticed Azrael
 22424 | Spider:1 | Killed Azrael
 22466 | Spider:1 | Noticed Kirke
 22484 | Spider:1 | Killed Kirke
 22800 | Spider:2 | Noticed Aizul
 22810 | Spider:2 | Killed Aizul
 23200 | Spider:3 | Noticed Arachne
 23434 | Spider:2 | Killed Arachne
 24003 | Spider:4 | Entered Level 4 of the Spider Nest
 24104 | Spider:4 | Reached skill level 16 in Staves
 24274 | Spider:4 | Identified a scroll of acquirement
 24275 | Spider:4 | Got a bloodstained hat
 24276 | Spider:4 | Identified the +1 hat of Hazoz {Slay+2} (You acquired it on
                  | level 4 of the Spider Nest)
 24520 | Spider:4 | Reached skill level 10 in Fighting
 25045 | Spider:4 | Reached XP level 18. HP: 81/85 MP: 29/29
 25080 | Spider:4 | HP: 4/85 [spectral redback (7)]
 25081 | Spider:4 | Slain by a tarantella

Levels and vault maps discovered:
D:1:      lemuel_arrival_lava_pool, layout_basic, minivault_11,
          ebering_dispersal_statue_hall
D:2:      layout_loops_ring, old_standard_altar, kennysheep_cross_room,
          nicolae_ru_the_path_less_chosen
D:3:      layout_rooms, led_sif_book, first_ration
D:4:      layout_cave_pools, nicolae_overflow_hidden_temple, temple_statues,
          uniq_blork_the_orc
D:5:      layout_layer_cave, serial_shops, shop
D:6:      layout_rooms, grunt_temple_overflow_bloody_war,
          kennysheep_generic_room_5
D:7:      layout_gridville, vehumet_altar_wand_db
D:8:      layout_basic, xom_redecorated
D:9:      layout_loops_ring, serial_shops, shop_statue, hangedman_fish_farm,
          uniq_grum, uniq_prince_ribbit1, uniq_pikel
D:10:     layout_irregular_city, due_lair_maze_entry_diamond, orc_david_3,
          serial_shops, shop, onia_ninara_dug_in_and_dangerous
D:11:     minmay_smoke_and_mirrors, layout_long_grid, kennysheep_generic_room_10
D:12:     layout_roguey, minmay_guarded_unrand_zonguldrok, uniq_nessos
D:13:     layout_roguey, erik_vaults_2, serial_shops, shop_statue,
          jmf_multi_god_temple
D:14:     layout_long_grid, lemuel_crystal_altar
D:15:     grunt_enter_depths_giant_problem, layout_grid_maze, glass_columns_a,
          hellmonk_ghost_happy_afterlife, serial_bayou_ford_a,
          dk_noncrumbling_2, uniq_rupert
Temple:   cyrus_circular_temple
Lair:1:   layout_hall_layers, basic_altar, portal_ice_cave_demonic_guard,
          grunt_forest_stairs_basic, beast_lair_carwin_6, grunt_megastairs_3
Lair:2:   layout_gridlike, spider_nest_entry_web_field, serial_bayou_shore_a
Lair:3:   layout_gridlike, elwin_shoals_entry_rooms, special_room
          [special_room_bee], minivault_23, minmay_lair_oklob_bushes
Lair:4:   layout_loops_ring, minmay_holes, uniq_snorg
Lair:5:   layout_cave_pods, slime_dummy, minivault_19,
          chequers_serial_rivers_micro_c, serial_bayou_pond_e,
          nicolae_lair_grove_arrangements
Lair:6:   grunt_lair_end_beastmaster, layout_regular_city, st_stairs_11,
          wad_woods_06, ice2_lemuel
Spider:1: layout_spider_delve, uniq_azrael, uniq_kirke
Spider:2: nicolae_spider_mines_1, uniq_aizul
Spider:3: layout_spider_delve, nicolae_spider_cling_halls, uniq_arachne
Spider:4: floodkiller_spider_rune_tomb, spiders_nest_the_unseen
Orc:1:    layout_caves, uniq_harold
Orc:2:    st_orc_pillars, layout_diamond_mine, ebering_ghost_xom, uniq_donald

Skill      XL: |  1  2  3  4  5  6  7  8  9 10 11 12 13 14 15 16 17 |
---------------+----------------------------------------------------+-----
Armour         | 1 2 |  2.5
Dodging        | 2 3 4 5 |  5.2
Fighting       | 2 3 4 5 6 7 8 10 | 10.3
Unarmed Combat | 3 4 6 8 10 11 | 11.4
Charms         | 4 5 6 7 |  7.0
Throwing       | 1 2 3 5 |  5.0
Spellcasting   | 3 4 6 |  6.0
Invocations    | 3 5 7 8 |  8.0
Stealth        | 2 5 6 |  6.0
Shields        | 1 |  1.4
Staves         | 6 10 12 14 15 16 | 16.5
Evocations     | 3 7 9 10 12 13 | 13.5

Action                   |  1- 3 |  4- 6 |  7- 9 | 10-12 | 13-15 | 16-18 || total
-------------------------+-------+-------+-------+-------+-------+-------++-------
Melee: Unarmed           |    95 |       |       |   111 |       |       ||   206
       Bite              |    27 |    35 |    56 |   147 |   348 |   334 ||   947
       Punch             |     1 |     3 |     7 |    19 |       |       ||    30
       Dagger            |    32 |   156 |   195 |   212 |       |       ||   595
       Short sword       |       |       |     3 |       |       |       ||     3
       Staff             |       |       |       |    90 |   975 |  1006 ||  2071
Throw: Javelin           |       |       |     2 |       |     1 |     4 ||     7
       Boomerang         |       |       |       |     1 |       |       ||     1
 Cast: Shroud of Golubri |       |       |       |       |     1 |       ||     1
       Infusion          |       |       |       |       |       |     1 ||     1
Invok: Renounce Religion |       |     1 |       |       |       |       ||     1
       Ancestor Life: Ba |       |       |     1 |       |       |       ||     1
       Recall Ancestor   |       |       |     1 |     1 |     4 |     4 ||    10
       Idealise          |       |       |       |       |       |     2 ||     2
Evoke: Wand              |       |       |     1 |     7 |    10 |       ||    18
  Use: Scroll            |     3 |     1 |    13 |     6 |    12 |    11 ||    46
       Potion            |       |       |       |     2 |     1 |     4 ||     7
 Stab: Sleeping          |     1 |       |       |     2 |     2 |       ||     5
       Distracted        |       |       |     3 |     2 |    14 |    10 ||    29
       Paralysed         |       |       |       |    13 |     4 |       ||    17
       Petrified         |       |       |       |       |       |     6 ||     6
  Eat: Chunk             |     1 |     6 |    10 |    13 |    21 |    20 ||    71
       Ration            |       |       |       |       |     2 |     2 ||     4
Armor: Leather armour    |    39 |    17 |       |       |       |       ||    56
       Scale mail        |       |    23 |    61 |   191 |   108 |       ||   383
       Plate armour      |       |       |       |       |   337 |   594 ||   931
Dodge: Dodged            |    95 |   113 |   132 |   259 |   262 |   267 ||  1128
Block: Buckler           |       |       |       |    37 |   310 |   657 ||  1004
       Reflection        |       |       |       |     2 |     9 |    19 ||    30
